 Dungeon Sprint DCSS version 0.30-a0-210-g01b79a254e (webtiles) character file.

Game seed: 15433411646841527973

4990 rocky1 the Bludgeoner (level 10, -18/177 HPs)
             Began as an Ogre Fighter on Oct 5, 2022.
             Was an Initiate of Gozag.
             Demolished by a spriggan rider
             ... wielding a +0 spear
              (21 damage)
             ... while paralysed by a floating eye
             ... in the Dungeon (Sprint VII: "The Pits").
             The game lasted 00:08:35 (1485 turns).

rocky1 the Bludgeoner (Ogre Fighter)                Turns: 1485, Time: 00:08:36

Health: -18/177    AC: 10    Str: 30    XL:     10   Next: 54%
Magic:  10/10      EV:  1    Int: 11    God:    Gozag
Gold:   721        SH:  0    Dex:  8    Spells: 9/9 levels left

rFire   + . .      SeeInvis .    s - +2 morningstar (protect)
rCold   + . .      Faith    .    c - +0 kite shield
rNeg    . . .      Spirit   .    b - +0 robe
rPois   +          Reflect  .    (helmet restricted)
rElec   +          Harm     .    (no cloak)
rCorr   +          Rampage  .    (gloves unavailable)
Will    +....      NoTele   +    (boots unavailable)
Stlth   ..........               (no amulet)
HPRegen 0.49/turn                p - +3 ring of strength
MPRegen 0.12/turn                q - +3 ring of strength

@: paralysed, mighty, berserking (expiring), resistant, gold aura, under a
protective aura
A: large, unfitting armour, tough skin 1
a: Renounce Religion, Potion Petition, Call Merchant, Bribe Branch


You were in the Dungeon.
You worshipped Gozag.
Gozag was pleased with you.
You visited 1 branch You collected 3024 gold pieces.
You paid 2303 gold pieces to Gozag.

Inventory:

Hand Weapons
 a - a +0 flail
 n - a +1 flail of protection
 s - a +2 morningstar of protection (weapon)
 t - a +1 vorpal broad axe
Missiles
 m - 5 curare-tipped darts (quivered)
Armour
 b - a +0 robe (worn)
 c - a +0 kite shield (worn)
Jewellery
 p - a +3 ring of strength (left hand)
 q - a +3 ring of strength (right hand)
Wands
 o - a wand of light (12)
Scrolls
 j - a scroll of blinking
 l - 5 scrolls of amnesia
Potions
 d - a potion of might
 e - 8 potions of curing
 f - 2 potions of heal wounds
 g - 2 potions of haste
 h - 4 potions of magic
 i - a potion of berserk rage
 k - a potion of invisibility
 r - a potion of mutation


   Skills:
 + Level 12.7 Fighting
 - Level 17.0 Maces & Flails
 + Level 9.1 Dodging
 + Level 9.9 Shields


You had 9 spell levels left.
You didn't know any spells.
Your spell library was empty.

Dungeon Overview and Level Annotations

Branches:
Dungeon (1/1)

Altars:
Ashenzari
Cheibriados
Dithmenos
Elyvilon
Fedhas
Gozag
Hepliaklqana
Kikubaaqudgha
Makhleb
Nemelex Xobeh
Okawaru
Qazlal
Ru
Sif Muna
Trog
Uskayaw
Vehumet
Wu Jian
Xom
Yredelemnul
Zin
The Shining One
Jiyva
Lugonu


Innate Abilities, Weirdness & Mutations

You are too large for most types of armour.
You have tough skin. (AC +1)


Message History

The wolf is distracted by your dazzling golden aura.
Unknown command.
The wolf howls!
You puncture the hell hound!
Your weapon exudes an aura of protection.
You kill the hell hound!
You feel less wooden.
Your +0 robe unmelds from your body.
The wolf is no longer distracted by gold.
The spriggan rider hits you with a +0 spear!
* * * LOW HITPOINT WARNING * * *
There is a large open door, spattered with blood here.
You see here 144 gold pieces.
You closely miss the spriggan rider.
The wolf is distracted by your dazzling golden aura.
The spriggan rider hits you but does no damage.
The wolf is distracted by your dazzling golden aura.
You miss the spriggan rider.
The wolf howls! x2
You impale the spriggan rider!!
The spriggan rider is heavily wounded.
The wolf is no longer distracted by gold.
The floating eye gazes piercingly through you!
You suddenly lose the ability to move!
The spriggan rider hits you with a +0 spear!
* * * LOW HITPOINT WARNING * * *
The hell hound is no longer distracted by gold.
The wolf is distracted by your dazzling golden aura.
The hell hound is distracted by your dazzling golden aura.
The spriggan rider hits you with a +0 spear!
* * * LOW HITPOINT WARNING * * *
The hell hound barks!
The wolf is no longer distracted by gold.
The hell hound is no longer distracted by gold.
The hell hound bites you.
* * * LOW HITPOINT WARNING * * *
The floating eye's view fixates on you.
The spriggan rider hits you with a +0 spear!!
You die...
Your body crumbles into a pile of gold.

.....##.K.###....###
.....##..##........##
.....##++#...#..#...#
#######......)......+
#######')#.).#..#...# .
#..[[##..##........ ##.#
#..[[##...###....###....
'...)##.....##.$##h....#
#..))###.....'..@ih...#
#...)# ###...'.$hGh.###
###### ############


You could see a spriggan rider, a hell hound, 3 wolves and a floating eye
(charged).

Vanquished Creatures
  A hydra (D)
  Sonja (D)
  A flayed ghost (D)
  A lindwurm (D)
  An unseen horror (D)
  Psyche (D)
  A red devil (D)
  A troll (D)
  A spriggan (D)
  A redback (D)
  3 hell hounds (D)
  A floating eye (D)
  2 sky beasts (D)
  A centaur (D)
  A wolf (D)
  A phantom (D)
  2 necrophages (D)
  A scorpion (D)
  A gnoll sergeant (D)
  A wight (D)
  A crimson imp (D)
  An orc priest (D)
  3 orc wizards (D)
  An adder skeleton (D)
  An adder zombie (D)
  4 orcs (D)
  A bat zombie (D)
  A goblin (D)
  3 jackals (D)
  A ball python (D)
  A ball python skeleton (D)
  2 bats (D)
  3 frilled lizards (D)
  A rat (D)
48 creatures vanquished.

Vanquished Creatures (others)
  A deep troll (D)
  An unseen horror (D)
  An orc (D)
3 creatures vanquished.

Grand Total: 51 creatures vanquished

Notes
Turn   | Place    | Note
-------+----------+-------------------------------------------
     0 | D        | rocky1 the Ogre Fighter began the quest for the Orb.
     0 | D        | Reached XP level 1. HP: 24/24 MP: 1/1
    14 | D        | Reached skill level 2 in Maces & Flails
    20 | D        | Found a bloodstained altar of Trog.
    20 | D        | Found a shimmering blue altar of Sif Muna.
    20 | D        | Found a viscous altar of Jiyva.
    20 | D        | Found a hazy altar of Hepliaklqana.
    20 | D        | Found an opulent altar of Gozag.
    21 | D        | Found a glowing golden altar of the Shining One.
    21 | D        | Found a glowing silver altar of Zin.
    21 | D        | Found a basalt altar of Yredelemnul.
    21 | D        | Found a shimmering altar of Xom.
    21 | D        | Found an ornate altar of the Wu Jian Council.
    21 | D        | Found a sacrificial altar of Ru.
    21 | D        | Found a stormy altar of Qazlal.
    21 | D        | Found an iron altar of Okawaru.
    21 | D        | Found a sparkling altar of Nemelex Xobeh.
    21 | D        | Found a burning altar of Makhleb.
    21 | D        | Found a blossoming altar of Fedhas.
    21 | D        | Found a white marble altar of Elyvilon.
    21 | D        | Found a shadowy altar of Dithmenos.
    21 | D        | Found a snail-covered altar of Cheibriados.
    25 | D        | Found a corrupted altar of Lugonu.
    25 | D        | Found a radiant altar of Vehumet.
    26 | D        | Found a broken altar of Ashenzari.
    26 | D        | Found an ancient bone altar of Kikubaaqudgha.
    26 | D        | Found a hide-covered altar of Uskayaw.
    28 | D        | Became a worshipper of Gozag Ym Sagoz the Greedy
    70 | D        | Noticed a floating eye
    73 | D        | Paralysed by a floating eye for 3 turns
    78 | D        | Killed a floating eye
    79 | D        | Reached skill level 8 in Maces & Flails
    79 | D        | Reached XP level 2. HP: 33/33 MP: 2/2
    79 | D        | Reached XP level 3. HP: 40/40 MP: 3/3
    79 | D        | Reached XP level 4. HP: 49/49 MP: 4/4
   105 | D        | Noticed a sky beast
   132 | D        | Killed a sky beast
   133 | D        | Reached skill level 10 in Maces & Flails
   133 | D        | Reached XP level 5. HP: 28/55 MP: 5/5
   283 | D        | Noticed a sky beast
   305 | D        | Reached skill level 11 in Maces & Flails
   305 | D        | Reached XP level 6. HP: 40/63 MP: 6/6
   334 | D        | Reached skill level 12 in Maces & Flails
   350 | D        | Killed a sky beast
   351 | D        | Reached skill level 13 in Maces & Flails
   351 | D        | Reached XP level 7. HP: 38/71 MP: 7/7
   729 | D        | Reached skill level 14 in Maces & Flails
   769 | D        | Noticed a deep troll
   769 | D        | Noticed Psyche
   786 | D        | Killed a deep troll
   787 | D        | Reached skill level 16 in Maces & Flails
   787 | D        | Reached XP level 8. HP: 41/79 MP: 8/8
   796 | D        | Killed Psyche
   801 | D        | Reached skill level 17 in Maces & Flails
   919 | D        | Noticed a lindwurm
   919 | D        | Noticed a five-headed hydra
   926 | D        | Killed a five-headed hydra
   927 | D        | Reached skill level 5 in Dodging
   927 | D        | Reached skill level 5 in Shields
   927 | D        | Reached XP level 9. HP: 59/93 MP: 9/9
   929 | D        | Killed a lindwurm
   942 | D        | Noticed a troll
   949 | D        | Killed a troll
   962 | D        | Noticed a flayed ghost
   969 | D        | Killed an unseen horror
   970 | D        | Reached skill level 10 in Fighting
   975 | D        | Killed a flayed ghost
   976 | D        | Reached XP level 10. HP: 50/111 MP: 10/10
  1152 | D        | Noticed Sonja
  1156 | D        | Killed an unseen horror
  1185 | D        | Killed Sonja
  1441 | D        | Noticed a spriggan rider
  1450 | D        | Paralysed by a floating eye for 4 turns
  1464 | D        | Paralysed by a floating eye for 3 turns
  1472 | D        | Paralysed by a floating eye for 3 turns
  1483 | D        | Paralysed by a floating eye for 4 turns
  1484 | D        | HP: 8/177 [spriggan rider/+0 spear (17)]
  1485 | D        | HP: 3/177 [hell hound (6)]
  1485 | D        | Demolished by a spriggan rider

Illustrated notes

Levels and vault maps discovered:
D:        pitsprint [storerooms_1, entrance_room_1, metal_vault_4, armoury_3,
          mini_pit_1, grid_room_1, main_hall_1, silver_pit, the_coven_1,
          the_vestibule_1, steel_vault_4, golden_pit, hallway_of_sentries,
          crystal_vault_4, iron_vault_5, final_vault]

Skill      XL: |  1  2  3  4  5  6  7  8  9 10 |
---------------+-------------------------------+-----
Maces & Flails | 8 10 11 13 16 17 | 17.0
Dodging        | 3 5 7 9 |  9.1
Fighting       | 7 10 12 | 12.7
Shields        | 5 8 9 |  9.9

Action                   |  1- 3 |  4- 6 |  7- 9 | 10-12 || total
-------------------------+-------+-------+-------+-------++-------
Melee: Flail             |    10 |    94 |    63 |       ||   167
       Morningstar       |       |       |    19 |    48 ||    67
Invok: Potion Petition   |       |       |     2 |     2 ||     4
  Use: Potion            |       |     3 |     2 |     8 ||    13
       Scroll            |       |       |       |     1 ||     1
 Stab: Invisible         |       |     1 |     1 |     1 ||     3
Armor: Robe              |       |    28 |    22 |    13 ||    63
       Skin              |       |       |       |    62 ||    62
Dodge: Dodged            |     2 |    29 |    18 |    26 ||    75
Block: Kite shield       |     5 |    16 |    22 |    55 ||    98

Table legend: (Time is in decaauts)
 A = Elapsed time spent in this place.
 B = Non-inter-level travel time spent in this place.
 C = Inter-level travel time spent in this place.
 D = Time resting spent in this place.
 E = Time spent auto-exploring this place.
 F = Levels seen in this place.
 G = Mean time per level.
                   A        B        C        D        E       F      G
               +--------+--------+--------+--------+--------+-----+--------+
         Total |   1478 |   1411 |     67 |    753 |      0 |   1 | 1478.0 |
       Dungeon |   1478 |   1411 |     67 |    753 |      0 |   1 | 1478.0 |
               +--------+--------+--------+--------+--------+-----+--------+

Top non-repeatable levels by time:
       D: 1478 daAuts
